 Dungeon Crawl Stone Soup version 0.25-a0-1133-g93ebf739aa (webtiles) character file.

Game seed: 16574629592310716498, levelgen mode: deterministic

149026 Cleanse the Executioner (level 17, -2/231 HPs)
             Began as a Hill Orc Fighter on May 22, 2020.
             Was the Champion of Beogh.
             Killed from afar by a starcursed mass (9 damage)
             ... with an accursed screaming
             ... on level 2 of the Abyss.
             The game lasted 03:07:32 (37113 turns).

Cleanse the Executioner (Hill Orc Fighter)         Turns: 37113, Time: 03:07:34

Health: -2/231     AC: 28    Str: 26      XL:     17   Next: 20%
Magic:  17/17      EV:  2    Int:  9 (11) God:    Beogh [******]
Gold:   1502       SH: 25    Dex: 12      Spells: 16/16 levels left

rFire    . . .     SeeInvis .   k - +4 broad axe (flame)
rCold    + + .     Gourm    .   l - +3 tower shield
rNeg     + + +     Faith    .   (armour currently unavailable)
rPois    +         Spirit   .   (helmet currently unavailable)
rElec    .         Reflect  .   (cloak currently unavailable)
rCorr    .         Harm     .   (gloves currently unavailable)
MR       +....     NoTele   +   (boots currently unavailable)
Stlth    +.........             b - amulet of the acrobat
HPRegen  0.00/turn              F - ring "Uniwes" {+Fly rC+ Str+2 Int+3}
MPRegen  0.15/turn              O - ring "Ciomob" {+Fly rC+ rN+}

@: tree-form, non-regenerating, diseased
A: walk on water
}: 1/15 runes: decaying
a: Smiting, Recall Orcish Followers, Give Item to Named Follower, Resurrection,
Renounce Religion


You were on level 2 of the Abyss.
You worshipped Beogh.
Beogh was exalted by your worship.
You were not hungry.
You were a tree.
You visited 7 branches of the dungeon, and saw 29 of its levels.
You visited the Abyss 1 time.
You also visited: Gauntlet.

You collected 2287 gold pieces.
You spent 785 gold pieces at shops.

Inventory:

Hand Weapons
 k - a +4 broad axe of flaming (weapon)
Armour
 l - a +3 tower shield (worn)
 t - a +0 helmet (melded)
 w - a +1 pair of boots (melded)
 T - a +1 plate armour (melded)
 V - a +1 pair of gloves (melded)
Jewellery
 b - an amulet of the acrobat (around neck)
 c - an uncursed ring of positive energy
 h - an uncursed ring of protection from magic
 m - an uncursed amulet of faith
 v - an uncursed ring of ice
 F - the ring "Uniwes" (left branch) {+Fly rC+ Str+2 Int+3}
   (You acquired it on level 9 of the Dungeon)

   [ring of flight]

   It affects your strength (+2).
   It affects your intelligence (+3).
   It protects you from cold.
   It lets you fly.
 H - an uncursed ring of stealth
 K - the ring "Xockek" {*Tele rC+ Dex+6}
   (You found it on level 2 of the Lair of Beasts)

   [ring of teleportation]

   It may teleport you next to monsters.
   It affects your dexterity (+6).
   It protects you from cold.
 L - an uncursed ring of wizardry
 O - the ring "Ciomob" (right branch) {+Fly rC+ rN+}
   (You found it on level 6 of the Lair of Beasts)

   [ring of flight]

   It protects you from cold.
   It protects you from negative energy.
   It lets you fly.
 S - a +6 ring of dexterity
 U - a +6 ring of strength
Wands
 n - a wand of polymorph (32)
 z - a wand of paralysis (13)
 A - a wand of random effects (62)
 C - a wand of disintegration (10)
 D - a wand of iceblast (11)
 J - a wand of clouds (10)
 P - a wand of enslavement (8)
 Q - a wand of digging (6)
Scrolls
 j - 5 scrolls of fear
 p - 4 scrolls of fog
 y - 7 scrolls of identify
 E - 2 scrolls of blinking
 M - 2 scrolls of amnesia
 N - 6 scrolls of remove curse
 R - 3 scrolls of magic mapping
Potions
 a - 2 potions of might
 g - 5 potions of flight
 i - a potion of berserk rage {unknown}
 o - 3 potions of curing (quivered)
 q - 2 potions of resistance
 r - 2 potions of cancellation
 u - 3 potions of mutation
 x - 3 potions of stabbing
 B - 4 potions of brilliance
 G - a potion of magic
 I - a potion of invisibility
Comestibles
 f - 20 rations


   Skills:
 + Level 14.9 Fighting
 * Level 21.2 Axes
 + Level 13.8 Armour
 * Level 18.3 Shields


You had 16 spell levels left.
You didn't know any spells.
Your spell library contained the following spells:

 Spells                   Type           Power        Failure   Level  Hunger
 Animate Skeleton         Necr           N/A          67%         1    ##.....
 Apportation              Tloc           #.....       67%         1    ##.....
 Corona                   Hex            #......      67%         1    ##.....
 Sandblast                Erth           #.....       67%         1    ##.....
 Summon Small Mammal      Summ           #...         67%         1    ##.....
 Passwall                 Tmut/Erth      #.......     82%         2    ###....
 Swiftness                Chrm/Air       #.......     82%         2    ###....
 Recall                   Summ/Tloc      N/A          96%         3    ####...
 Stone Arrow              Conj/Erth      #.....       96%         3    ####...
 Animate Dead             Necr           N/A          100%        4    #####..
 Passage of Golubria      Tloc           N/A          100%        4    #####..
 Petrify                  Tmut/Erth      #.......     100%        4    #####..
 Borgnjor's Vile Clutch   Necr/Erth      #.........   100%        5    ######.
 Lee's Rapid Deconstruct  Erth           #.........   100%        5    ######.
 Darkness                 Hex            #.........   100%        6    #######
 Death Channel            Necr           #.........   100%        6    #######
 Invisibility             Hex            #.......     100%        6    #######
 Simulacrum               Ice/Necr       #.........   100%        6    #######
 Haunt                    Necr/Summ      #.........   100%        7    #######
 Borgnjor's Revivificati  Necr           #.........   100%        8    #######
 Death's Door             Chrm/Necr      #.........   100%        8    #######
 Infestation              Necr           #.........   100%        8    #######
 Necromutation            Tmut/Necr      #.........   100%        8    #######


Dungeon Overview and Level Annotations

Branches:
Dungeon (14/15)              Lair (6/6) D:8           Swamp (4/4) Lair:3
  Snake (1/4) Lair:3        Slime (2/5) Lair:6          Orc (2/2) D:12
    Elf (1/3) Orc:2        Vaults (0/5) D:13        Gauntlet (visited)
 Temple: D:4-7

Altars:
Cheibriados
Dithmenos
Sif Muna
Trog
Uskayaw
Yredelemnul
The Shining One
Beogh

Shops:
D:6 *   D:7 (   D:10 *   Orc:2 (%(%

Annotations:
Lair:2 Nergalle
Snake:1 Louise
Orc:1 exclusion: oklob plant


Message History

* * * LOW HITPOINT WARNING * * *
You turn into a tree.
Your +0 helmet melds into your body.
Your +1 pair of gloves melds into your body.
Your +1 pair of boots melds into your body.
Your +1 plate armour melds into your body.
Your roots penetrate the ground.
You feel strangely stable.
A starcursed mass splits.
You block the large abomination's attack.
You slice the large abomination!! You burn the large abomination!
The large abomination is almost destroyed.
You hit the starcursed mass. You burn the starcursed mass.
The starcursed mass shudders and is absorbed by its neighbour.
You hit the large abomination. You burn the large abomination.
You destroy the large abomination!
Beogh accepts your kill.
You hit the starcursed mass. You burn the starcursed mass.
The starcursed mass shudders and is absorbed by its neighbour.
You hit the starcursed mass but do no damage.
A chorus of shrieks assaults your mind.
You die...

## #.# ##.# ...
#.# #.########..
#######XX.♣.......
......X.#X.......#
######.#.#####..#
#X#.# . ####X#.###
#....... # X #....
... # #.#.#.###.
#.#.# #


You could see 4 starcursed masses.

Vanquished Creatures
  A profane servitor (Abyss:2)
  2 thorn hunters
  An azure jelly (Slime:1)
  A nagaraja (Snake:1)
  An orc warlord (Orc:2)
  Nessos (Lair:4)
  A great orb of eyes (Abyss:2)
  3 vault guards (D:13)
  4 shambling mangroves
  18 hydras
  10 alligators
  9 two-headed ogres
  2 catoblepae (Lair:6)
  3 death yaks (Lair:6)
  A dancing weapon (Orc:2)
  A naga sharpshooter (Snake:1)
  2 thrashing horrors (Abyss:2)
  2 orc high priests (Orc:2)
  Urug (D:10)
  A wretched star (Abyss:2)
  An unseen horror (D:9)
  A flayed ghost (Abyss:2)
  2 lindwurms (Swamp:4)
  3 swamp dragons (Swamp:4)
  An orc sorcerer (Orc:2)
  An orc knight (Orc:1)
  2 deep elf magi
  4 ugly things
  3 manticores
  2 cyclopes (D:13)
  2 black mambas (Snake:1)
  3 elephants
  Joseph (Lair:1)
  2 centaur skeletons
  2 smoke demons (Abyss:2)
  A spiny frog (shapeshifter) (D:10)
  A gargoyle (D:12)
  22 spiny frogs
  10 komodo dragons
  4 rime drakes (Lair:6)
  An ancient zyme (Abyss:2)
  A red devil (Abyss:2)
  3 trolls
  3 polar bears
  27 slime creatures
  Grinder (D:3)
  3 tyrant leeches
  3 raiju (Abyss:2)
  8 blink frogs
  17 hornets
  A harpy skeleton (D:14)
  6 bog bodies
  4 large abominations (Abyss:2)
  9 hippogriffs
  2 starcursed masses (Abyss:2)
  3 shadows
  8 spriggans
  6 wraiths
  A vampire (Abyss:2)
  3 basilisks
  Grum (D:11)
  10 wyverns
  2 hungry ghosts
  66 yaks
  A chaos spawn (Abyss:2)
  2 neqoxecs (Abyss:2)
  9 vampire mosquitoes
  A warg (Orc:1)
  6 nagas
  11 swamp worms
  4 insubstantial wisps (Swamp:1)
  5 water moccasins
  An acid dragon (D:12)
  6 porcupines
  3 swamp drakes (Swamp:4)
  A hornet zombie (D:9)
  10 orc warriors
  3 black bears
  6 phantoms
  3 ice beasts
  3 sky beasts
  A necrophage (D:10)
  An eye of draining (Slime:1)
  3 wolves (D:11)
  14 ogres
  9 centaurs
  3 small abominations (Abyss:2)
  11 crocodiles
  21 bullfrogs
  2 wyvern zombies
  3 scorpions
  A water moccasin skeleton (D:3)
  12 killer bees
  10 wights
  An electric eel (Lair:2)
  2 quasits
  A bullfrog zombie (D:12)
  2 centaur zombies
  4 crimson imps
  8 hounds
  4 jellies
  2 bullfrog skeletons
  10 orc priests
  Jessica (D:3)
  An iguana (D:12)
  9 orc wizards
  9 worker ants
  3 hell rats (Lair:3)
  A bullfrog simulacrum (D:10)
  3 hound zombies
  2 hound skeletons
  A worker ant zombie (D:10)
  21 adders
  A howler monkey skeleton (D:8)
  4 shadow imps
  12 white imps (Lair:6)
  An ufetubus (Abyss:2)
  6 oozes
  3 worms
  4 dart slugs
  3 leopard geckos
  44 orcs
  6 bats
  3 giant cockroaches (D:1)
  10 goblins
  7 hobgoblins
  6 jackals (D:2)
  6 quokkas
  8 ball pythons
  2 frilled lizards (D:1)
  13 kobolds
  A leopard gecko skeleton (D:6)
  4 rats
  4 briar patches (Swamp:4)
  A plant (Lair:6)
722 creatures vanquished.

Vanquished Creatures (collateral kills)
  A thorn hunter (Swamp:4)
  An azure jelly (Slime:1)
  Aizul (Snake:1)
  Josephine (Orc:2)
  2 naga warriors (Snake:1)
  A catoblepas (Lair:6)
  Fannar (Lair:2)
  A vault guard (D:13)
  4 hydras
  A shambling mangrove (Swamp:4)
  2 two-headed ogres (Orc:2)
  2 alligators (Swamp:4)
  3 death yaks (Lair:6)
  A dancing weapon (Orc:2)
  2 orc high priests (Orc:2)
  A shock serpent (Snake:1)
  A naga sharpshooter (Snake:1)
  6 swamp dragons
  A lindwurm (Swamp:4)
  An orc knight (Swamp:4)
  A centaur zombie (D:13)
  4 elephants
  2 black mambas
  3 spiny frogs
  2 komodo dragons
  A troll (Orc:2)
  6 slime creatures
  A bog body (Swamp:4)
  A blink frog (Lair:6)
  A meliai zombie (D:13)
  3 hippogriffs
  A wraith (Orc:2)
  7 yaks
  2 basilisks
  A golden eye (Slime:1)
  2 vampire mosquitoes (Lair:3)
  A swamp worm (Swamp:4)
  2 wargs (Orc:2)
  2 nagas (Snake:1)
  A hell hound (Lair:6)
  2 porcupines
  4 swamp drakes
  12 orc warriors
  An eye of draining (D:13)
  4 ogres (Orc:2)
  A crocodile (Lair:6)
  3 wights (D:13)
  A howler monkey (D:13)
  2 crimson imps (D:13)
  9 orc priests
  3 orc wizards
  A hell rat (Lair:3)
  2 worker ants (D:13)
  22 orcs
  5 briar patches (Swamp:4)
  A plant (Orc:2)
151 creatures vanquished.

Vanquished Creatures (others)
  5 orc knights
  An alligator (Swamp:4)
  Nergalle (Lair:2)
  3 orc high priests
  3 orc sorcerers
  A spiny frog (Lair:6)
  26 orc warriors
  12 orc priests
  13 orc wizards
  52 orcs
  3 briar patches
  17 fungi
  11 plants
148 creatures vanquished.

Grand Total: 1021 creatures vanquished

Notes
Turn   | Place    | Note
-------+----------+-------------------------------------------
     0 | D:1      | Cleanse the Hill Orc Fighter began the quest for the Orb.
     0 | D:1      | Reached XP level 1. HP: 19/19 MP: 1/1
    20 | D:1      | Reached skill level 3 in Axes
    24 | D:1      | Reached XP level 2. HP: 27/27 MP: 2/2
   393 | D:1      | Reached XP level 3. HP: 32/33 MP: 3/3
  1211 | D:2      | Reached skill level 4 in Axes
  1233 | D:2      | Found a snail-covered altar of Cheibriados.
  1360 | D:2      | Reached XP level 4. HP: 34/40 MP: 4/4
  2118 | D:3      | Found a basalt altar of Yredelemnul.
  2118 | D:3      | Found a glowing golden altar of the Shining One.
  2124 | D:3      | Found a bloodstained altar of Trog.
  2126 | D:3      | Found a faded altar of an unknown god.
  2127 | D:3      | Found a hide-covered altar of Uskayaw.
  2324 | D:3      | Noticed Jessica
  2328 | D:3      | Killed Jessica
  2328 | D:3      | Reached XP level 5. HP: 47/47 MP: 5/5
  2337 | D:3      | Reached skill level 5 in Axes
  2521 | D:3      | Noticed Grinder
  2541 | D:3      | Killed Grinder
  2541 | D:3      | Reached skill level 5 in Fighting
  2541 | D:3      | Reached skill level 6 in Axes
  2541 | D:3      | Reached XP level 6. HP: 42/56 MP: 6/6
  3295 | D:3      | Reached XP level 7. HP: 47/61 MP: 7/7
  3891 | D:3      | Reached skill level 5 in Shields
  4068 | D:4      | Reached skill level 5 in Armour
  4098 | D:4      | Reached skill level 7 in Axes
  4565 | D:4      | Reached XP level 8. HP: 61/70 MP: 8/8
  4713 | D:4      | You fall into a shaft and drop 2 floors!
  4729 | D:6      | Reached skill level 8 in Axes
  5666 | D:6      | Reached skill level 9 in Axes
  5700 | D:6      | Reached XP level 9. HP: 58/78 MP: 9/9
  5902 | D:6      | Found Leist's Assorted Antiques.
  6308 | D:7      | Found Degypp's Antique Weapon Shop.
  6313 | D:7      | Bought a runed broad axe for 175 gold pieces
  7335 | D:9      | Found a shadowy altar of Dithmenos.
  7345 | D:9      | Found a shimmering blue altar of Sif Muna.
  7354 | D:9      | Reached skill level 10 in Axes
  7671 | D:9      | Noticed a two-headed ogre
  7682 | D:9      | Killed a two-headed ogre
  7682 | D:9      | Reached skill level 11 in Axes
  7682 | D:9      | Reached XP level 10. HP: 45/88 MP: 10/10
  8488 | D:8      | Found a staircase to the Lair.
  8536 | D:8      | Noticed an elephant
  8551 | D:8      | Killed an elephant
  8595 | D:8      | Reached skill level 12 in Axes
  8595 | D:8      | Reached skill level 10 in Shields
  9810 | D:9      | You fall into a shaft and drop 1 floor!
  9810 | D:10     | Entered Level 10 of the Dungeon
  9863 | D:10     | Reached XP level 11. HP: 97/97 MP: 11/11
  9868 | D:10     | Noticed a two-headed ogre
  9882 | D:10     | Killed a two-headed ogre
  9930 | D:10     | Became a worshipper of Beogh the Brigand
  9971 | D:10     | Reached skill level 13 in Axes
 10003 | D:10     | Found Ehyloun's General Store.
 10012 | D:10     | Bought a scroll of enchant armour for 90 gold pieces
 10021 | D:10     | Noticed a two-headed ogre
 10027 | D:10     | Killed a two-headed ogre
 10375 | D:10     | You fall into a shaft and drop 3 floors!
 10419 | D:13     | Noticed a manticore
 10431 | D:13     | Killed a manticore
 10462 | D:13     | Noticed a two-headed ogre
 10466 | D:13     | Reached * piety under Beogh
 10476 | D:13     | Killed a two-headed ogre
 10505 | D:12     | Noticed a deep elf mage
 11433 | D:9      | Killed an unseen horror
 11596 | D:9      | Identified a scroll of acquirement
 11597 | D:9      | Got the ring "Uniwes" {+Fly rC+ Str+2 Int+3}
 11685 | D:9      | Reached skill level 10 in Fighting
 11716 | D:11     | Found a snail-covered altar of Cheibriados.
 11716 | D:11     | Noticed Urug
 11742 | D:10     | Killed Urug
 11742 | D:10     | Reached skill level 14 in Axes
 11742 | D:10     | Reached XP level 12. HP: 72/106 MP: 12/12
 12282 | D:11     | Noticed Grum
 12293 | D:11     | Reached ** piety under Beogh
 12301 | D:11     | Killed Grum
 12353 | D:11     | You fall into a shaft and drop 3 floors!
 13054 | D:12     | Reached skill level 15 in Axes
 13118 | D:12     | Reached skill level 10 in Armour
 13270 | D:12     | Reached *** piety under Beogh
 13727 | D:12     | Found a staircase to the Orcish Mines.
 14033 | D:13     | Reached XP level 13. HP: 112/116 MP: 1/13
 14307 | D:13     | Found a gate to the Vaults.
 14307 | D:13     | Noticed a vault guard
 14307 | D:13     | Noticed a vault guard
 14307 | D:13     | Noticed a vault guard
 14334 | D:13     | Killed a vault guard
 14489 | Lair:1   | Entered Level 1 of the Lair of Beasts
 14508 | Lair:1   | Reached **** piety under Beogh
 14821 | Lair:1   | Noticed Nergalle
 14857 | Lair:1   | Reached skill level 16 in Axes
 15358 | Lair:1   | Noticed Joseph
 15371 | Lair:1   | Killed Joseph
 15894 | Lair:2   | Found a gate leading to a gauntlet.
 15942 | Gauntlet | Entered a Gauntlet
 15942 | Gauntlet | Found a transporter.
 15952 | Gauntlet | Found a transporter.
 15956 | Gauntlet | Found a runed translucent door.
 15957 | Gauntlet | Found a runed translucent door.
 15960 | Gauntlet | Found a transporter.
 15962 | Gauntlet | Found a transporter.
 15971 | Gauntlet | Found a transporter.
 15987 | Gauntlet | Found a transporter.
 15997 | Gauntlet | Found a transporter.
 16008 | Gauntlet | Found a transporter.
 16019 | Gauntlet | Found a transporter.
 16036 | Gauntlet | Found a transporter.
 16118 | Lair:2   | Noticed Fannar
 16129 | Lair:2   | Killed Fannar
 16161 | Lair:2   | Your ally died
 16322 | Lair:2   | Got a turquoise-encrusted ring mail
 16624 | Lair:2   | Gained Ugrim as an ally
 16720 | Lair:2   | Got a vibrating jade ring
 16721 | Lair:2   | Identified the ring "Xockek" {*Tele rC+ Dex+6} (You found
                  | it on level 2 of the Lair of Beasts)
 17142 | Lair:3   | Found a staircase to the Swamp.
 17192 | Lair:3   | Found a staircase to the Snake Pit.
 17756 | Lair:4   | Noticed Nessos
 18096 | Lair:4   | Killed Nessos
 19030 | Lair:5   | Reached skill level 17 in Axes
 19276 | Lair:5   | Reached XP level 14. HP: 109/126 MP: 14/14
 19624 | Lair:6   | Entered Level 6 of the Lair of Beasts
 19671 | Lair:6   | Found a staircase to the Slime Pits.
 20564 | Lair:6   | Your ally Ugrim died
 20601 | Lair:6   | Reached skill level 15 in Shields
 21105 | Lair:6   | Got a clouded wooden ring
 21106 | Lair:6   | Identified the ring "Ciomob" {+Fly rC+ rN+} (You found it
                  | on level 6 of the Lair of Beasts)
 21716 | Lair:6   | Gained Thorok as an ally
 21880 | Lair:6   | Reached skill level 18 in Axes
 21897 | Lair:6   | Reached ***** piety under Beogh
 21980 | Lair:6   | Gained Olfik as an ally
 21985 | Lair:6   | Your ally Thorok died
 22693 | Slime:1  | Entered Level 1 of the Pits of Slime
 22697 | Slime:1  | Noticed an acid blob
 22796 | Lair:6   | HP: 6/127 [acid (9)]
 23241 | Swamp:1  | Entered Level 1 of the Swamp
 23397 | Swamp:1  | You fall into a shaft and drop 1 floor!
 23595 | Swamp:2  | Reached XP level 15. HP: 24/135 MP: 15/15
 24464 | Swamp:1  | Gained Bladwarg as an ally
 24604 | Swamp:1  | Your ally Bladwarg died
 25414 | Swamp:2  | Reached skill level 19 in Axes
 26385 | Swamp:3  | Noticed a thorn hunter
 26414 | Swamp:3  | Killed a thorn hunter
 27636 | Swamp:4  | Entered Level 4 of the Swamp
 27793 | Swamp:4  | Noticed a thorn hunter
 27810 | Swamp:4  | Killed a thorn hunter
 28040 | Swamp:4  | Noticed a thorn hunter
 28566 | Snake:1  | Entered Level 1 of the Snake Pit
 28566 | Snake:1  | Noticed a nagaraja
 29408 | Slime:1  | Noticed an azure jelly
 29414 | Slime:1  | Killed an azure jelly
 29418 | Slime:1  | Noticed an azure jelly
 29430 | Slime:1  | Killed an azure jelly
 29430 | Slime:1  | Reached ****** piety under Beogh
 29430 | Slime:1  | Reached XP level 16. HP: 128/145 MP: 16/16
 29849 | Slime:2  | Noticed an acid blob
 30184 | Slime:1  | Your ally Olfik died
 30917 | D:13     | Reached skill level 20 in Axes
 31578 | Orc:1    | Entered Level 1 of the Orcish Mines
 31958 | Orc:2    | Entered Level 2 of the Orcish Mines
 31962 | Orc:2    | Noticed Josephine
 31973 | Orc:2    | Killed Josephine
 32541 | Orc:2    | Found a staircase to the Elven Halls.
 32681 | Orc:2    | Found a roughly hewn altar of Beogh.
 32718 | Orc:2    | Found Zaepen's Food Boutique.
 32727 | Orc:2    | Bought a ration for 65 gold pieces
 32727 | Orc:2    | Bought a ration for 65 gold pieces
 32727 | Orc:2    | Bought a ration for 65 gold pieces
 32727 | Orc:2    | Bought a ration for 65 gold pieces
 32727 | Orc:2    | Bought a ration for 65 gold pieces
 32727 | Orc:2    | Bought a ration for 65 gold pieces
 32727 | Orc:2    | Bought a ration for 65 gold pieces
 32727 | Orc:2    | Bought a ration for 65 gold pieces
 32785 | Orc:2    | Gained Boghold as an ally
 32927 | Orc:2    | Found Vasepp's Antique Weapon Emporium.
 33061 | Orc:2    | Found Bawidir's Weapon Shop.
 33110 | Orc:2    | Found Repyprir's Food Boutique.
 33177 | Orc:2    | Found a roughly hewn altar of Beogh.
 33183 | Orc:2    | Gained Agrik as an ally
 33431 | Elf:1    | Entered Level 1 of the Elven Halls
 33450 | Orc:2    | Gained Orkwin as an ally
 33478 | Orc:2    | Your ally Orkwin died
 34121 | Swamp:4  | Gained Harm as an ally
 34176 | Swamp:4  | Your ally Harm died
 34213 | Swamp:4  | Killed a thorn hunter
 34235 | Swamp:4  | Your ally Agrik died
 34260 | Swamp:4  | Gained Blodwig as an ally
 34289 | Swamp:4  | Your ally Blodwig died
 34701 | Swamp:4  | Gained Ogrik as an ally
 35023 | Swamp:4  | Got a decaying rune of Zot
 35495 | Snake:1  | Killed a nagaraja
 35891 | Snake:1  | Noticed Aizul
 35900 | Snake:1  | Gained Thorok as an ally
 35901 | Snake:1  | Killed Aizul
 36278 | Snake:1  | Reached skill level 21 in Axes
 36483 | Snake:1  | Reached XP level 17. HP: 154/154 MP: 17/17
 36551 | Snake:1  | Noticed Louise
 36553 | Snake:1  | Cast into level 2 of the Abyss (Louise)
 36553 | Abyss:2  | Found a sparkling altar of Nemelex Xobeh.
 36663 | Abyss:2  | Noticed a profane servitor
 36707 | Abyss:2  | Killed a profane servitor
 36708 | Abyss:2  | Found a sparkling altar of Nemelex Xobeh.
 37110 | Abyss:2  | HP: 5/154 [starcursed mass/accursed screaming (8)]
 37113 | Abyss:2  | Killed from afar by a starcursed mass

Illustrated notes

Levels and vault maps discovered:
D:1:      kennysheep_arrival_forest, layout_basic, serial_corexii_hall,
          corexii_hall_statues_i, corexii_hall_statues_x, minmay_nonomino_d4
D:2:      layout_loops_ring, kennysheep_slug_shrine
D:3:      layout_basic, chequers_temple_overflow_minitemple, uniq_grinder,
          uniq_jessica
D:4:      minmay_recursive_quarters, layout_basic, serial_aquarium,
          aquarium_bridge_long_separate [aquarium_subvault_bridge,
          aquarium_subvault_bridge, aquarium_subvault_bridge,
          aquarium_subvault_window, aquarium_subvault_wall,
          aquarium_subvault_bridge], aquarium_bridge_square
          [aquarium_subvault_bridge, aquarium_subvault_window,
          aquarium_subvault_wall, aquarium_subvault_window],
          aquarium_window_fake, aquarium_window_fake, aquarium_window_double,
          aquarium_view_2c, aquarium_view_2c, aquarium_balcony_5a,
          doesnt_xom_only_xom
D:6:      layout_loops_ring, serial_shops, kennysheep_mini_moat,
          chequers_ossuary_entry_cave
D:7:      layout_gridville, serial_shops, shop
D:8:      layout_layer_cave, david_lair_generic
D:9:      layout_rooms, nicolae_overflow_hidden_temple
D:10:     minmay_cornered_nines, layout_rooms, serial_shops, nicolae_shop_trees
D:11:     layout_roguey, basic_altar, uniq_urug, uniq_grum
D:12:     layout_rooms, erik_orc_1
D:13:     layout_loops_ring, lightli_vaults_fourway_checkpoint
D:14:     layout_basic, serial_ice, serial_ice_g, serial_ice_e, serial_ice_i,
          serial_ice_c, serial_ice_n, serial_ice_a
Lair:1:   layout_loops_ring, grunt_megastairs_3, uniq_joseph, uniq_nergalle
Lair:2:   layout_loops_ring, gauntlet_entry_generic, gammafunk_lair_bear_cave,
          uniq_fannar
Lair:3:   layout_big_grid, minmay_swamp_entry_swarm,
          guppyfry_snake_entry_garden, serial_bayou_shore_a, grunt_megastairs_5
Lair:4:   wander_river, layout_cellular_growth, uniq_nessos
Lair:5:   layout_long_grid, beast_lair_carwin_4
Lair:6:   evilmike_catoblepas_cave, layout_hall_layers,
          nicolae_slime_entry_slimehenge, portal_ice_cave_entry_imps,
          special_room [special_room_mythical_zoo], st_stairs_12
Swamp:1:  layout_basic_swamp, evilmike_swamp_ruin_house_4,
          infiniplex_staircase_pool_2
Swamp:2:  layout_basic_swamp, evilmike_swamp_ruin_house_1
Swamp:3:  layout_basic_swamp, evilmike_swamp_ruin_house_2
Swamp:4:  swamp_alternative, layout_basic_swamp
Snake:1:  layout_grid_shapes, uniq_aizul, uniq_louise
Slime:1:  layout_caves, uniq_donald
Slime:2:  layout_caves
Orc:1:    layout_caves, mines3_lemuel
Orc:2:    pubby_orc_utopia, uniq_josephine
Elf:1:    eino_elf_arrival_shootout, layout_gridlike, serial_shops, shop,
          uniq_agnes
Abyss:2:  base:
D:3

Skill      XL: |  1  2  3  4  5  6  7  8  9 10 11 12 13 14 15 16 |
---------------+-------------------------------------------------+-----
Axes           | 3 4 6 7 9 11 12 14 15 17 18 19 21 | 21.2
Fighting       | 4 5 6 8 9 10 11 12 13 14 | 14.9
Shields        | 4 5 7 9 10 11 13 14 15 17 18 | 18.3
Armour         | 4 5 6 7 8 9 10 11 12 13 | 13.8

Action                   |  1- 3 |  4- 6 |  7- 9 | 10-12 | 13-15 | 16-18 || total
-------------------------+-------+-------+-------+-------+-------+-------++-------
Melee: War axe           |   122 |   159 |   297 |       |       |       ||   578
       Broad axe         |       |       |   111 |   665 |  1046 |   543 ||  2365
Invok: Convert to Beogh  |       |       |       |     1 |       |       ||     1
       Smiting           |       |       |       |       |     8 |     2 ||    10
       Recall Orcish Fol |       |       |       |       |     4 |     9 ||    13
Evoke: Wand              |       |       |       |       |     3 |     1 ||     4
  Use: Scroll            |     4 |     4 |     7 |     9 |    25 |    11 ||    60
       Potion            |       |       |     3 |       |     7 |     6 ||    16
 Stab: Distracted        |       |       |       |       |     7 |     1 ||     8
       Confused          |       |       |       |       |     1 |       ||     1
  Eat: Chunk             |     2 |     5 |     5 |     6 |    10 |     5 ||    33
       Ration            |       |     1 |     2 |     5 |    12 |     6 ||    26
Armor: Scale mail        |    69 |    68 |    46 |       |       |       ||   183
       Chain mail        |       |       |    84 |    16 |       |       ||   100
       Plate armour      |       |       |       |   262 |   410 |   189 ||   861
Dodge: Dodged            |    38 |    27 |    42 |   123 |   198 |   152 ||   580
Block: Kite shield       |    46 |       |       |       |       |       ||    46
       Tower shield      |    38 |   139 |   302 |   685 |  1028 |   456 ||  2648

Table legend:
 A = Non-vault XP
 B = Vault XP
 C = Vault XP percentage of total XP
 D = Non-vault monster count
 E = Vault monster count
 F = Vault count percentage of total count
                 A         B        C        D         E       F
            +---------+---------+-------+---------+---------+-------
      Total |  132234 |   62090 |  32.0 |     623 |     232 |  27.1
            +---------+---------+-------+---------+---------+-------
        D:1 |      52 |       4 |   7.1 |      26 |       3 |  10.3
        D:2 |      44 |       4 |   8.3 |      17 |       1 |   5.6
        D:3 |     390 |     314 |  44.6 |      36 |       2 |   5.3
        D:4 |     344 |     223 |  39.3 |      10 |       8 |  44.4
        D:6 |    1172 |       0 |   0.0 |      31 |       0 |   0.0
        D:7 |     175 |       0 |   0.0 |       4 |       0 |   0.0
        D:8 |    1608 |    1005 |  38.5 |      26 |       4 |  13.3
        D:9 |    4966 |       0 |   0.0 |      39 |       0 |   0.0
       D:10 |    4075 |    1477 |  26.6 |      26 |       4 |  13.3
       D:11 |    2799 |     544 |  16.3 |      17 |       4 |  19.0
       D:12 |    7095 |     245 |   3.3 |      45 |      11 |  19.6
       D:13 |    7623 |    5251 |  40.8 |      52 |      11 |  17.5
       D:14 |     860 |     292 |  25.3 |       4 |       1 |  20.0
     Lair:1 |    4056 |     840 |  17.2 |      17 |       3 |  15.0
     Lair:2 |    6230 |    1164 |  15.7 |      23 |       4 |  14.8
     Lair:3 |    1200 |    1061 |  46.9 |      12 |       7 |  36.8
     Lair:4 |    2895 |     725 |  20.0 |      14 |       1 |   6.7
     Lair:5 |    5546 |    1562 |  22.0 |      19 |       7 |  26.9
     Lair:6 |    6836 |   15524 |  69.4 |      22 |      56 |  71.8
    Swamp:1 |    9334 |       0 |   0.0 |      27 |       0 |   0.0
    Swamp:2 |   15287 |       0 |   0.0 |      35 |       0 |   0.0
    Swamp:3 |   10604 |       0 |   0.0 |      23 |       0 |   0.0
    Swamp:4 |   10652 |   16157 |  60.3 |      26 |      29 |  52.7
    Snake:1 |    6523 |    1293 |  16.5 |      15 |       1 |   6.2
    Slime:1 |    6614 |       0 |   0.0 |      17 |       0 |   0.0
    Slime:2 |     265 |       0 |   0.0 |       1 |       0 |   0.0
      Orc:1 |     923 |       0 |   0.0 |      10 |       0 |   0.0
      Orc:2 |    1376 |   14405 |  91.3 |       2 |      75 |  97.4
    Abyss:2 |   12690 |       0 |   0.0 |      27 |       0 |   0.0
            +---------+---------+-------+---------+---------+-------
